 Dungeon Crawl Stone Soup version 0.28-a0-1616-g050a50673c (webtiles) character file.

Game seed: 15129551215603649338

99 bande the Covered (level 4, 0/29 HPs)
             Began as a Gargoyle Fighter on Jan 23, 2022.
             Slain by Natasha (3 damage)
             ... on level 2 of the Dungeon.
             The game lasted 00:02:18 (1656 turns).

bande the Covered (Gargoyle Fighter)                Turns: 1656, Time: 00:02:18

Health: 0/29       AC: 11    Str: 19    XL:     4   Next: 72%
Magic:  4/4        EV:  9    Int:  9    God:
Gold:   74         SH:  4    Dex: 11    Spells: 3/3 levels left

rFire   . . .      SeeInvis .   a - +0 war axe
rCold   . . .      Faith    .   c - +0 buckler
rNeg    + . .      Spirit   .   b - +0 scale mail
rPois   ∞          Reflect  .   (no helmet)
rElec   +          Harm     .   (no cloak)
rCorr   .          Rampage  .   g - +0 pair of gloves
Will    .....                   (no boots)
Stlth   ..........              (no amulet)
HPRegen 0.09/turn               (no ring)
MPRegen 0.09/turn               (no ring)

@: no status effects
A: sickness immunity, AC +3, negative energy resistance 1, electricity
resistance, torment resistance 1, petrification resistance
a: no special abilities


You were on level 2 of the Dungeon.
You visited 1 branch of the dungeon, and saw 2 of its levels.

You collected 74 gold pieces.

Inventory:

Hand Weapons
 a - a +0 war axe (weapon)
Armour
 b - a +0 scale mail (worn)
 c - a +0 buckler (worn)
 g - a +0 pair of gloves (worn)
Scrolls
 e - 2 scrolls of identify {unknown}
 f - a scroll of fog {unknown}
 h - a scroll of torment {unknown}
 i - a scroll of noise {unknown}
Potions
 d - a potion of might


   Skills:
 + Level 3.8 Fighting
 + Level 2.9 Axes
 + Level 4.2 Armour
 + Level 3.7 Shields


You had 3 spell levels left.
You didn't know any spells.
Your spell library was empty.

Dungeon Overview and Level Annotations

Branches:
Dungeon (2/15)

Altars:

Annotations:
D:2 Natasha


Innate Abilities, Weirdness & Mutations

You are immune to sickness and miasma.
Your stone body is resilient. (AC +3)
You are immune to poison.
You resist negative energy. (rN+)
You are resistant to electric shocks. (rElec)
You are resistant to unholy torment.
You are immune to petrification.


Message History

You barely miss the shadow imp. You hit the shadow imp.
You block the bat's attack.
The shadow imp hits you but does no damage.
The shadow imp gestures at you. Pain shoots through your body!
The shadow imp hits you but does no damage.
The shadow imp hits you. x2
You hit the shadow imp but do no damage.
The shadow imp is heavily wounded.
You hit the shadow imp but do no damage.
You slash the bat!
You kill the bat!
You hit the shadow imp.
The shadow imp hits you but does no damage. x3
You slash the shadow imp!
You kill the shadow imp!
The shadow imp disappears in a puff of smoke!
You slash the shadow imp!
You hit the shadow imp but do no damage.
Natasha howls an incantation.
Natasha glows brightly for a moment.
The shadow imp closely misses you. You block the shadow imp's attack.
Natasha claws you!
* * * LOW HITPOINT WARNING * * *
The shadow imp hits you but does no damage.
The shadow imp closely misses you.
You closely miss Natasha. You hit the shadow imp.
You barely miss the shadow imp. Natasha claws you but does no damage.
The shadow imp disappears for a moment.
The shadow imp hits you but does no damage. x2
Unknown command.
You closely miss Natasha. You closely miss the shadow imp.
You hit the shadow imp but do no damage.
Natasha claws you.
* * * LOW HITPOINT WARNING * * *
The shadow imp gestures at you.
You barely resist.
The shadow imp hits you but does no damage.
Natasha claws you.
You die...

.....##...#..#.._..#....######.##
..........#..#8...8#....####.....
.............###.###.............
...............#.#...#....†......
#####..........#'#...............
....#..........8.8.....#.....#+#.
....#..................##....# .
....###......###.......##....# .
##### #......###@†.....##....# .
...####......#.5h5.....##..... .
........................#..... .
........###.............#
........###.............#
..............###########
...................
...................
##.....####........


You could see Natasha and 2 shadow imps.

Vanquished Creatures
  Natasha (twice) (D:2)
  An adder (D:2)
  2 ball pythons
  6 bats
  4 endoplasms
  A giant cockroach (D:2)
  4 goblins
  5 hobgoblins
  3 jackals (D:2)
  2 kobolds (D:1)
  2 quokkas
  A frilled lizard (D:2)
  2 rats (D:2)
35 creatures vanquished.

Notes
Turn   | Place    | Note
-------+----------+-------------------------------------------
     0 | D:1      | bande the Gargoyle Fighter began the quest for the Orb.
     0 | D:1      | Reached XP level 1. HP: 14/14 MP: 1/1
   213 | D:1      | Reached XP level 2. HP: 16/19 MP: 2/2
  1215 | D:2      | Reached XP level 3. HP: 24/24 MP: 3/3
  1250 | D:2      | Noticed Natasha
  1273 | D:2      | Killed Natasha
  1274 | D:2      | Reached skill level 4 in Armour
  1274 | D:2      | Reached XP level 4. HP: 17/29 MP: 4/4
  1434 | D:2      | Found a faded altar of an unknown god.
  1566 | D:2      | Noticed Natasha
  1572 | D:2      | Killed Natasha
  1647 | D:2      | Noticed Natasha
  1656 | D:2      | Slain by Natasha

Illustrated notes

Levels and vault maps discovered:
D:1:      ebering_trefoil_twist, layout_loops_ring
D:2:      layout_basic, dreamdust_ecumenical_altar_angels_and_demons,
          grunt_ministairs_9, uniq_natasha

Skill      XL: |  1  2  3 |
---------------+----------+-----
Axes           | 2 |  2.9
Armour         | 4 |  4.2
Fighting       | |  3.8
Shields        | |  3.7

Action                   |  1- 3 |  4- 6 || total
-------------------------+-------+-------++-------
Melee: War axe           |    81 |    48 ||   129
Armor: Scale mail        |    61 |    39 ||   100
Dodge: Dodged            |    49 |    29 ||    78
Block: Buckler           |    20 |    14 ||    34

Table legend: (Time is in decaauts)
 A = Elapsed time spent in this place.
 B = Non-inter-level travel time spent in this place.
 C = Inter-level travel time spent in this place.
 D = Time resting spent in this place.
 E = Time spent auto-exploring this place.
 F = Levels seen in this place.
 G = Mean time per level.
                   A        B        C        D        E       F      G
               +--------+--------+--------+--------+--------+-----+--------+
         Total |   1709 |   1654 |     55 |     51 |   1264 |   2 |  854.5 |
       Dungeon |   1709 |   1654 |     55 |     51 |   1264 |   2 |  854.5 |
               +--------+--------+--------+--------+--------+-----+--------+

Top non-repeatable levels by time:
     D:1: 1041 daAuts
     D:2: 667 daAuts
